[Event "Titled Tuesday Blitz March 28 Early 2023"]
[White "Lewtak, Damian"]
[Black "Lukas2010"]
[WhiteFideId "1141724"]
[WhiteElo "2302"]
[BlackElo "2537"]
[Result "1-0"]
[Round "09"]
[TimeControl "180+2"]
[Date "2023.03.28"]
[WhiteClock "0:00:05"]
[BlackClock "0:00:01"]

1. e4 c5 2. Nf3 e6 3. d4 cxd4 4. Nxd4 Nc6 5. Nc3 Qc7 6. Be3 a6 7. Nxc6 Qxc6 8. g4 b5 9. a3 Bb7 10. f3 Bc5 11. Qd2 Ne7 12. O-O-O Rd8 13. Bxc5 Qxc5 14. Qd6 Qxd6 15. Rxd6 Nc8 16. Rd2 d6 17. Be2 Ke7 18. a4 b4 19. Na2 a5 20. b3 Nb6 21. Kb2 d5 22. e5 Rc8 23. c3 bxc3+ 24. Nxc3 Rhd8 25. Nb5 Rc5 26. Nd6 Bc6 27. Rc1 Rxc1 28. Kxc1 Nc8 29. Nxc8+ Rxc8 30. Kb2 Bd7 31. Bd3 h6 32. f4 f6 33. Re2 fxe5 34. fxe5 Rf8 35. b4 axb4 36. a5 Ra8 37. a6 Bc8 38. Rc2 Bxa6 39. Rc7+ Kf8 40. Bg6 Bc4 41. Rf7+ Kg8 42. Re7 d4 43. Rd7 Bd5 44. Kc2 b3+ 45. Kd3 Rb8 46. Kxd4 b2 47. Bb1 Rb4+ 48. Kc3 Rxg4 49. Kxb2 Rg2+ 50. Kc3 h5 51. h4 g5 52. hxg5 Rxg5 53. Kd4 h4 54. Rd8+ Kg7 55. Rd7+ Kf8 56. Rd8+ Ke7 57. Rh8 Rg4+ 58. Ke3 Kd7 59. Bd3 Kc6 60. Rc8+ Kb7 61. Rh8 Rg3+ 62. Kd4 h3 63. Bf1 Bg2 64. Bc4 Rg4+ 65. Kc5 Rg7 66. Bxe6 Rc7+ 67. Kd6 Rc6+ 68. Ke7 Rc7+ 69. Kd8 Kb6 70. Bd7 Rc2 71. Bxh3 Bxh3 72. Rxh3 Re2 73. Rh5 Kc6 74. Ke7 Kd5 75. e6+ Kc6 76. Rh1 Rc2 77. Rd1 Kc7 78. Kf7 Rf2+ 79. Ke8 Rc2 80. e7 Kc8 81. Rf1 Kc7 82. Kf8 1-0


[Site "https://www.chess.com"]

[Event "Titled Tuesday Blitz March 28 Early 2023"]
[White "Zaragatski, Ilja"]
[Black "Jessel, Stephen"]
[WhiteFideId "4655192"]
[BlackFideId "628859"]
[WhiteElo "2460"]
[BlackElo "2268"]
[Result "0-1"]
[Round "09"]
[TimeControl "180+2"]
[Date "2023.03.28"]
[WhiteClock "0:00:02"]
[BlackClock "0:00:05"]

1. g3 d5 2. Nf3 Nc6 3. c4 d4 4. Bg2 e5 5. d3 Bb4+ 6. Bd2 a5 7. Bxb4 axb4 8. O-O Nf6 9. Nbd2 O-O 10. Ne1 Bg4 11. Nc2 Re8 12. Nb3 Qc8 13. Qd2 Bh3 14. Nxb4 Nxb4 15. Qxb4 e4 16. c5 Nd5 17. Qxd4 Nf4 18. Rfe1 Nxg2 19. Red1 Nf4 20. Qe3 Nd5 21. Qd4 exd3 22. Qxd5 dxe2 23. Re1 Qg4 24. f3 Qb4 25. Qd2 Qb5 26. Qc3 Bf1 27. Nd4 Qd7 28. g4 Ra4 29. Nf5 f6 30. Qb3+ Kh8 31. Qc3 Rf4 32. Ng3 h6 33. Nxf1 exf1=Q+ 34. Kxf1 Qxg4 35. Rxe8+ Kh7 36. Qd3+ f5 37. Kf2 Qh4+ 38. Ke3 Qxh2 0-1


[Site "https://www.chess.com"]

[Event "Titled Tuesday Blitz March 28 Early 2023"]
[White "Perez Gormaz, Matias"]
[Black "Shapiro, Viktor"]
[WhiteFideId "3406342"]
[BlackFideId "4175700"]
[WhiteElo "2362"]
[BlackElo "2152"]
[Result "1-0"]
[Round "09"]
[TimeControl "180+2"]
[Date "2023.03.28"]
[WhiteClock "0:00:41"]
[BlackClock "0:01:58"]

1. e4 Nf6 2. e5 Nd5 3. d4 d6 4. Nf3 Bg4 5. Be2 e6 6. O-O Be7 7. c4 Nb6 8. exd6 cxd6 9. Nc3 O-O 10. h3 Bh5 11. Be3 d5 12. c5 Bxf3 13. Bxf3 Nc8 14. b4 Bf6 15. b5 Nc6 16. bxc6 bxc6 17. Rb1 Ne7 18. Qd3 Nf5 19. Rb4 Rb8 20. Rfb1 Rxb4 21. Rxb4 Qc7 22. Qa6 Rb8 23. Qxc6 Qd8 24. Rxb8 Qxb8 25. Nb5 Nxe3 26. fxe3 g6 27. Nd6 Bg5 28. Kf2 Qb2+ 29. Be2 Qc1 30. Qe8+ Kg7 31. Qxf7+ Kh6 32. Qf8# 1-0


[Site "https://www.chess.com"]

[Event "Titled Tuesday Blitz March 28 Early 2023"]
[White "Kozak, Antoni"]
[Black "Bas Mas, Jose Joaquin"]
[WhiteFideId "21832030"]
[BlackFideId "22219064"]
[WhiteElo "2470"]
[BlackElo "2233"]
[Result "1-0"]
[Round "09"]
[TimeControl "180+2"]
[Date "2023.03.28"]
[WhiteClock "0:01:37"]
[BlackClock "0:01:32"]

1. d4 d5 2. Nc3 Nf6 3. Bg5 e6 4. e4 dxe4 5. Nxe4 Be7 6. Bxf6 gxf6 7. Nf3 f5 8. Ng3 h5 9. Bc4 h4 10. Ne2 h3 11. g3 b6 12. d5 Bb7 13. Nf4 Qd6 14. Qe2 exd5 15. O-O-O c6 16. Rhe1 Nd7 17. Nd4 1-0


[Site "https://www.chess.com"]

[Event "Titled Tuesday Blitz March 28 Early 2023"]
[White "Rozman, Levy"]
[Black "Savitha Shri B"]
[WhiteFideId "2039877"]
[BlackFideId "35061887"]
[WhiteElo "2376"]
[BlackElo "2191"]
[Result "0-1"]
[Round "09"]
[TimeControl "180+2"]
[Date "2023.03.28"]
[WhiteClock "0:00:02"]
[BlackClock "0:00:11"]

1. e4 c5 2. Nc3 Nc6 3. Bb5 Nd4 4. Nf3 Nxb5 5. Nxb5 a6 6. Nc3 g6 7. d4 b6 8. O-O Bg7 9. Be3 d6 10. h3 Bb7 11. Re1 Nf6 12. d5 O-O 13. Qd2 Nd7 14. Bh6 b5 15. Qf4 Ne5 16. Nh2 Bc8 17. Rad1 f6 18. Bxg7 Kxg7 19. Qh4 g5 20. Qg3 Ng6 21. Ne2 a5 22. f4 h6 23. Nf3 c4 24. Kh2 Kh7 25. Nfd4 Rg8 26. Qf2 Qb6 27. g3 Bd7 28. Qf3 gxf4 29. gxf4 Rg7 30. Rg1 Rag8 31. Qh5 b4 32. Rg3 Be8 33. Nf5 Kh8 34. Ned4 Rh7 35. Rdg1 c3 36. b3 Qa6 37. R1g2 Qf1 38. Qf3 Qxf3 39. Nxf3 Bf7 40. N3d4 Nxf4 41. Nxe7 Nxg2 42. Nxg8 Bxg8 43. Kxg2 Re7 44. Kf3 Bh7 45. Ne6 f5 46. exf5 Bxf5 47. Nf4 Bxc2 0-1


[Site "https://www.chess.com"]

[Event "Titled Tuesday Blitz March 28 Early 2023"]
[White "Thecourseoisildur"]
[Black "Sochacki, Christophe"]
[BlackFideId "662569"]
[WhiteElo "2466"]
[BlackElo "2474"]
[Result "1-0"]
[Round "09"]
[TimeControl "180+2"]
[Date "2023.03.28"]
[WhiteClock "0:00:08"]
[BlackClock "0:00:02"]

1. e4 c6 2. d4 d5 3. e5 Bf5 4. h4 h5 5. Bd3 Bxd3 6. Qxd3 Qa5+ 7. Nd2 e6 8. Ne2 Ne7 9. b4 Qa6 10. Qxa6 Nxa6 11. c3 Nf5 12. g3 Be7 13. Nf4 Nc7 14. Nb3 b6 15. a4 Kd7 16. Ba3 g6 17. Kd2 Rhb8 18. Kc2 Nh6 19. Nd3 Ng4 20. Bc1 Rf8 21. f3 f5 22. fxg4 fxg4 23. Nf4 Rg8 24. Bd2 Raf8 25. Raf1 Ne8 26. Nd3 Ng7 27. Rxf8 Bxf8 28. Bf4 Nf5 29. a5 Kc7 30. axb6+ axb6 31. Ra1 Kb7 32. Nd2 Bh6 33. Bxh6 Nxh6 34. Nf4 Nf5 35. Nf1 g5 36. hxg5 h4 37. gxh4 g3 38. Nxg3 Nxg3 39. Nxe6 Nh5 40. Rf1 Ka6 41. Rf7 Ng3 42. Nc7+ Kb7 43. Nxd5+ Ka6 44. Nc7+ Kb7 45. Ne6+ Ka6 46. Rf8 Rg6 47. Nf4 Rg7 48. e6 Kb5 49. Kb3 c5 50. bxc5 bxc5 51. c4+ Kc6 52. d5+ Kd6 53. Rd8+ Ke5 54. Nd3+ Kd4 55. d6 Rb7+ 56. Kc2 Nf1 57. e7 Ne3+ 58. Kc1 Kxd3 59. e8=Q Ra7 60. Qxe3+ Kxe3 61. g6 Kd3 62. d7 Kc3 63. Kd1 Kd3 64. Ke1 Kxc4 65. g7 Ra1+ 66. Kf2 Ra2+ 67. Kf3 Kc3 68. g8=Q c4 69. Qg7+ Kc2 70. Rc8 Ra3+ 71. Kf4 c3 72. d8=Q Kb1 73. Rxc3 Ra4+ 74. Kf5 Rb4 75. Rc1+ Kxc1 76. Qc3+ Kb1 77. Qxb4+ Kc1 78. Qc7+ Kd1 79. Qbd6+ Ke2 80. Qce7+ Kf1 81. Qf4+ Kg1 82. Qeg5+ Kh1 83. Qf1+ Kh2 84. Qfg2# 1-0


[Site "https://www.chess.com"]

[Event "Titled Tuesday Blitz March 28 Early 2023"]
[White "Belozerov, Andrei"]
[Black "Maxfan2008"]
[WhiteFideId "4120213"]
[WhiteElo "2360"]
[BlackElo "2431"]
[Result "0-1"]
[Round "09"]
[TimeControl "180+2"]
[Date "2023.03.28"]
[WhiteClock "0:00:19"]
[BlackClock "0:00:58"]

1. e4 c5 2. Nf3 d6 3. Bb5+ Nc6 4. O-O Bd7 5. Re1 a6 6. Bf1 Nf6 7. c3 Bg4 8. h3 Bxf3 9. Qxf3 g6 10. d3 Bg7 11. Be3 O-O 12. Nd2 Rb8 13. Qd1 b5 14. d4 cxd4 15. cxd4 e5 16. Nb3 Nxe4 17. Qc2 exd4 18. Qxc6 dxe3 19. Qxe4 exf2+ 20. Kxf2 Bxb2 21. Rad1 Bc3 22. Re3 Qb6 23. Kf3 Be5 24. Red3 Kh8 25. Qd5 f5 26. Nd4 Rbc8 27. g3 Rc5 28. Qe6 Qb7+ 29. Kf2 f4 30. g4 f3 31. Nxf3 Rc2+ 32. Be2 Qe4 33. Re3 Rxf3+ 34. Rxf3 Qxe2+ 35. Kg1 Qg2# 0-1


[Site "https://www.chess.com"]

[Event "Titled Tuesday Blitz March 28 Early 2023"]
[White "Gontcharov, Vladislav"]
[Black "Chan, Kim Yew"]
[WhiteFideId "4123492"]
[BlackFideId "5717981"]
[WhiteElo "2470"]
[BlackElo "2206"]
[Result "1-0"]
[Round "09"]
[TimeControl "180+2"]
[Date "2023.03.28"]
[WhiteClock "0:00:26"]
[BlackClock "0:00:02"]

1. d4 Nf6 2. c4 e6 3. Nc3 Bb4 4. e3 O-O 5. Bd3 c5 6. Ne2 cxd4 7. exd4 d5 8. O-O dxc4 9. Bxc4 b6 10. Bg5 Bb7 11. Ng3 Be7 12. Bd3 Nc6 13. Be3 Rc8 14. Rc1 Nd5 15. Bb1 g6 16. Bh6 Re8 17. Nge4 Nxc3 18. bxc3 Na5 19. Re1 Nc4 20. Qe2 Qd5 21. f3 Nd6 22. Bf4 Nxe4 23. fxe4 Qa5 24. Qe3 Rf8 25. Bh6 Rfd8 26. Rf1 Bf8 27. Bg5 Rd7 28. Bf6 Rdc7 29. Rf3 Qa3 30. h4 h5 31. Be5 Bd6 32. Bxd6 Qxd6 33. Qg5 Qd8 34. Rf6 Kg7 35. Rcf1 1-0


[Site "https://www.chess.com"]

[Event "Titled Tuesday Blitz March 28 Early 2023"]
[White "Titichoca Daza, Daniel"]
[Black "Araujo Sanchez, Josue"]
[WhiteFideId "3309550"]
[BlackFideId "6416896"]
[WhiteElo "2095"]
[BlackElo "2416"]
[Result "1-0"]
[Round "09"]
[TimeControl "180+2"]
[Date "2023.03.28"]
[WhiteClock "0:00:51"]
[BlackClock "0:00:03"]

1. e3 Nf6 2. b3 g6 3. Bb2 Bg7 4. c4 O-O 5. Nf3 d6 6. Be2 e5 7. d3 Re8 8. O-O c5 9. Nbd2 Nc6 10. a3 d5 11. cxd5 Nxd5 12. Rc1 Bf8 13. Rc2 Bd7 14. Qa1 f6 15. Re1 b6 16. Bf1 Rc8 17. Rec1 a5 18. d4 e4 19. Ne1 cxd4 20. Bxd4 Bg7 21. Bc4 Bf5 22. Bxb6 Qd6 23. Bd4 Rcd8 24. Bxd5+ Qxd5 25. Rxc6 Bd7 26. R6c5 Qf7 27. Rxa5 h5 28. Ra7 h4 29. h3 Rc8 30. Rxc8 Rxc8 31. Nc4 Qe6 32. Nc2 g5 33. Nb4 g4 34. Ra6 Qe7 35. Bxf6 Qf7 36. Bxg7 gxh3 37. Qf6 Qxg7 38. Qxg7+ Kxg7 39. Ra7 Rd8 40. Ne5 1-0


[Site "https://www.chess.com"]

[Event "Titled Tuesday Blitz March 28 Early 2023"]
[White "Olenik Campa, Rudi"]
[Black "Vadim_Galchenko"]
[WhiteFideId "14633264"]
[WhiteElo "2249"]
[BlackElo "2351"]
[Result "1/2-1/2"]
[Round "09"]
[TimeControl "180+2"]
[Date "2023.03.28"]
[WhiteClock "0:00:07"]
[BlackClock "0:00:06"]

1. e4 e6 2. d4 d5 3. exd5 exd5 4. Bd3 Nc6 5. Nf3 Bd6 6. c3 Nge7 7. O-O Bf5 8. Bxf5 Nxf5 9. Re1+ Nfe7 10. Nbd2 Qd7 11. a4 O-O 12. Nf1 Rae8 13. Ng3 f5 14. Ne5 Qc8 15. f4 Kh8 16. Qd3 Ng8 17. Bd2 g6 18. Nf1 Nf6 19. Ne3 Ne7 20. c4 c6 21. c5 Bc7 22. b4 Ne4 23. Nc2 Ng8 24. h3 Ngf6 25. b5 Nxd2 26. Qxd2 Ne4 27. Qd3 Bd8 28. Reb1 Bh4 29. Rf1 g5 30. fxg5 Bxg5 31. Nb4 Re6 32. a5 Qe8 33. a6 bxa6 34. bxc6 Rxe5 35. dxe5 Qxe5 36. Rxa6 d4 37. Nc2 Nxc5 38. Qa3 d3 39. Ne1 Be3+ 40. Kh1 Qg3 41. Nxd3 Rg8 42. Qb2+ Rg7 43. Nxc5 Bxc5 44. c7 Qxc7 45. Rxf5 Qg3 46. Rf1 Bd6 47. Rxd6 Qxd6 48. Qf2 h6 49. Qf3 Kh7 50. Qe4+ Qg6 51. Qf3 Qd6 52. Rd1 Qg6 53. Rf1 Qd6 1/2-1/2


[Site "https://www.chess.com"]

[Event "Titled Tuesday Blitz March 28 Early 2023"]
[White "Skaric, Djuro"]
[Black "Crevatin, Leo"]
[WhiteFideId "934569"]
[BlackFideId "1726307"]
[WhiteElo "2282"]
[BlackElo "2190"]
[Result "1-0"]
[Round "09"]
[TimeControl "180+2"]
[Date "2023.03.28"]
[WhiteClock "0:02:09"]
[BlackClock "0:00:29"]

1. g3 d5 2. Bg2 e5 3. d3 Nf6 4. Nf3 Bd6 5. O-O O-O 6. Nc3 c6 7. e4 dxe4 8. dxe4 Bc7 9. h3 Qxd1 10. Rxd1 Nbd7 11. Be3 Re8 12. Rd2 Nf8 13. Nh4 Be6 14. Rad1 b6 15. Nf5 g6 16. Nd6 Red8 17. f4 exf4 18. gxf4 Ne8 19. Nxe8 Rxe8 20. e5 Red8 21. Bxc6 Rxd2 22. Rxd2 Rc8 23. Bg2 Bd8 24. Nd5 Nd7 25. b3 Kg7 26. c4 Nc5 27. Kh2 Bf5 28. Kg3 Ne4+ 29. Bxe4 Bxe4 30. Nc3 Bc6 31. Nb5 a6 32. Nd6 Rb8 33. f5 gxf5 34. Nxf5+ Kg6 35. Rd6+ Kxf5 36. Rxc6 Kxe5 37. Bf4+ 1-0


[Site "https://www.chess.com"]

[Event "Titled Tuesday Blitz March 28 Early 2023"]
[White "Jain Kashish Manoj"]
[Black "Rosenberg, Evan S"]
[WhiteFideId "35081098"]
[BlackFideId "2019299"]
[WhiteElo "2191"]
[BlackElo "2344"]
[Result "1-0"]
[Round "09"]
[TimeControl "180+2"]
[Date "2023.03.28"]
[WhiteClock "0:00:08"]
[BlackClock "0:00:05"]

1. Nf3 d5 2. g3 Nd7 3. Bg2 e5 4. d3 Ngf6 5. O-O Bd6 6. Nbd2 O-O 7. e4 c6 8. a4 a5 9. b3 Re8 10. Bb2 h6 11. Re1 dxe4 12. dxe4 Bc5 13. h3 b5 14. Qe2 Ba6 15. axb5 cxb5 16. Red1 Qb6 17. Nh4 Rac8 18. Nf5 Kh7 19. Qf3 g6 20. Nh4 Bb7 21. Rf1 Kg7 22. Kh2 Bd4 23. c3 Bc5 24. Rad1 Be7 25. Qe2 Nh7 26. Nhf3 Ng5 27. Nxg5 hxg5 28. c4 Ba6 29. f4 gxf4 30. gxf4 Bc5 31. fxe5 Nxe5 32. Nf3 f6 33. Nxe5 fxe5 34. Rd5 Bd4 35. Bxd4 exd4 36. Qf2 Qc7+ 37. e5 Rf8 38. Qxd4 bxc4 39. Rd7+ Qxd7 40. Qxd7+ Kg8 41. Bd5+ Kh8 42. Rxf8+ Rxf8 43. bxc4 Bc8 44. Qd6 Kg7 45. e6 Rf2+ 46. Kg3 Rf6 47. Qc7+ Kh6 48. Qxc8 a4 49. Qh8+ Kg5 50. e7 a3 51. Qxf6+ Kxf6 52. e8=Q a2 53. Qe1 g5 54. Qf2+ Kg6 55. Qxa2 Kh5 56. Qf2 g4 57. Qf7+ Kh6 58. Qf4+ Kh7 59. Qxg4 Kh6 60. h4 Kh7 61. Qg5 Kh8 62. Qg8# 1-0


[Site "https://www.chess.com"]

[Event "Titled Tuesday Blitz March 28 Early 2023"]
[White "Jumanov, Elbek"]
[Black "Zemlyanskii, Ivan"]
[WhiteFideId "14202905"]
[BlackFideId "24249971"]
[WhiteElo "2055"]
[BlackElo "2233"]
[Result "0-1"]
[Round "09"]
[TimeControl "180+2"]
[Date "2023.03.28"]
[WhiteClock "0:00:04"]
[BlackClock "0:00:19"]

1. c4 c6 2. Nf3 d5 3. d4 Nf6 4. g3 Bf5 5. Nc3 e6 6. Bg2 h6 7. O-O Nbd7 8. b3 Be7 9. Bb2 O-O 10. Re1 a5 11. Nd2 Bh7 12. a3 Rb8 13. e4 dxe4 14. Ndxe4 b5 15. Qe2 bxc4 16. bxc4 Qc7 17. Rad1 Rfe8 18. Bc1 Rb3 19. c5 Nxe4 20. Nxe4 Nf6 21. Nd2 Rc3 22. Nc4 Rc2 23. Qf1 Nd5 24. Bd2 a4 25. Rc1 Rxc1 26. Rxc1 Qb7 27. Na5 Qa8 28. Qc4 Rb8 29. Qxa4 Bd8 30. Bf3 Bd3 31. Qxc6 Bxa5 32. Qxa8 Rxa8 33. Bxa5 Rxa5 34. Rd1 Bb5 35. Rb1 Bc6 36. Rb3 Ra4 0-1


[Site "https://www.chess.com"]

[Event "Titled Tuesday Blitz March 28 Early 2023"]
[White "Krysa, Leandro"]
[Black "Jaskolka, Tomasz"]
[WhiteFideId "116807"]
[BlackFideId "1170791"]
[WhiteElo "2485"]
[BlackElo "2155"]
[Result "1-0"]
[Round "09"]
[TimeControl "180+2"]
[Date "2023.03.28"]
[WhiteClock "0:00:07"]
[BlackClock "0:00:11"]

1. e4 c5 2. Nf3 e6 3. d4 cxd4 4. Nxd4 Nc6 5. Nc3 Qc7 6. g4 a6 7. Be3 Nge7 8. Nb3 Ng6 9. Qd2 h5 10. g5 Bd6 11. h4 Bf4 12. O-O-O b5 13. Kb1 Bxe3 14. Qxe3 O-O 15. Be2 Nf4 16. Bf3 b4 17. Ne2 Nxe2 18. Bxe2 g6 19. f4 d5 20. e5 Ne7 21. Nd4 a5 22. Bxh5 gxh5 23. Qf3 Kg7 24. Qxh5 Rh8 25. Qf3 Nf5 26. h5 Nxd4 27. Rxd4 Qc5 28. Rd2 Bb7 29. h6+ Kf8 30. Rg2 Rc8 31. h7 a4 32. g6 fxg6 33. Qg4 Qe7 34. Qxg6 Qf7 35. Qh6+ Ke8 36. Rg7 Qf5 37. Rg8+ Kd7 38. Rxc8 Rxc8 39. Qh2 d4 40. h8=Q Rxh8 41. Qxh8 Bxh1 42. Qxh1 b3 43. axb3 axb3 44. Qh2 d3 45. cxd3 Qxd3+ 46. Kc1 Qc4+ 47. Kd1 Qd3+ 48. Qd2 Qd5 49. Qxd5+ exd5 50. Kd2 Ke6 51. Kc3 d4+ 52. Kxd4 Kf5 53. Kd5 Kxf4 54. e6 Ke3 55. e7 Kd3 56. e8=Q Kc2 57. Qe2+ Kb1 58. Kc4 Ka2 59. Kc3 Ka1 60. Qd1+ Ka2 61. Qxb3+ Ka1 62. Qa3+ Kb1 63. Qd6 Ka2 64. b4 Ka3 65. b5+ Ka4 66. Qb4# 1-0


[Site "https://www.chess.com"]

[Event "Titled Tuesday Blitz March 28 Early 2023"]
[White "Weetik, Vjacheslav"]
[Black "Garv Gaur"]
[WhiteFideId "4153472"]
[BlackFideId "45030839"]
[WhiteElo "2469"]
[BlackElo "2068"]
[Result "0-1"]
[Round "09"]
[TimeControl "180+2"]
[Date "2023.03.28"]
[WhiteClock "0:00:04"]
[BlackClock "0:00:04"]

1. e4 g6 2. d4 Bg7 3. Nf3 d5 4. exd5 Qxd5 5. Nc3 Qd8 6. Bg5 c6 7. Qd2 Nf6 8. O-O-O O-O 9. Bh6 b5 10. Bd3 Bg4 11. Bxg7 Kxg7 12. Qf4 Qd6 13. Qg5 h6 14. Qh4 Nbd7 15. Rhe1 b4 16. Ne2 a5 17. h3 Bxf3 18. gxf3 a4 19. Rg1 b3 20. a3 Rfb8 21. c3 c5 22. Nf4 Nf8 23. dxc5 Qxc5 24. Ne2 Rd8 25. Nd4 e6 26. Kb1 Nd5 27. f4 Nxc3+ 28. bxc3 Qxc3 29. Ne2 Qc5 30. Qg3 Qxa3 31. Rd2 b2 32. Rxb2 Rab8 33. Bb5 Qd6 34. Qc3+ Kh7 35. f5 exf5 36. Bxa4 Rxb2+ 37. Qxb2 Ne6 38. Bb3 Rb8 39. Nc1 Nc5 40. Rd1 Qb6 41. Qd4 Nxb3 42. Qxb6 Rxb6 43. Nd3 Nd4+ 44. Kc1 Rc6+ 45. Kd2 Rc2+ 46. Ke3 Ne6 47. h4 g5 48. h5 Kg7 49. Ra1 Kf6 50. Ra6 f4+ 51. Kf3 Kg7 52. Ne5 Nd4+ 53. Ke4 Ne6 54. Ra7 Rc7 55. Ra5 Nc5+ 56. Kf5 Ne6 57. Ra6 Re7 58. Ng4 Nd4# 0-1


[Site "https://www.chess.com"]

[Event "Titled Tuesday Blitz March 28 Early 2023"]
[White "Novikov, Evgenij"]
[Black "Skvortsov, Andrei"]
[WhiteFideId "4125380"]
[BlackFideId "24108600"]
[WhiteElo "2242"]
[BlackElo "2259"]
[Result "1-0"]
[Round "09"]
[TimeControl "180+2"]
[Date "2023.03.28"]
[WhiteClock "0:00:15"]
[BlackClock "0:00:47"]

1. d4 e6 2. Nf3 b5 3. a4 b4 4. g3 Bb7 5. Bg2 a5 6. c4 bxc3 7. bxc3 d6 8. Nbd2 Nf6 9. Qc2 c5 10. O-O Nc6 11. Rb1 Qc7 12. dxc5 dxc5 13. Nc4 Nd5 14. e4 Nf6 15. Bf4 Qc8 16. Nb6 Qd8 17. Rfd1 Be7 18. Rxd8+ Rxd8 19. Bc7 O-O 20. Bxd8 Bxd8 21. Nc4 Ba6 22. Nce5 Ne7 23. Rb8 h6 24. Bh3 Nc8 25. Nc6 Bc7 26. Rxc8 Bxc8 27. Ne7+ Kh8 28. Nxc8 Rxc8 29. Nd2 Rb8 30. Nc4 g5 31. Bg2 Kg7 32. h3 Ng8 33. e5 Ne7 34. Qd1 Rd8 35. Qf3 Ng6 36. Qe4 Rd1+ 37. Kh2 Rc1 38. Qc6 Bd8 39. Nd6 Nxe5 40. Qxc5 Ng6 41. Ne8+ Kg8 42. Qd4 Be7 43. Qg7# 1-0


[Site "https://www.chess.com"]

[Event "Titled Tuesday Blitz March 28 Early 2023"]
[White "Korchmar, Vasiliy"]
[Black "Sousa, Andre Ventura"]
[WhiteFideId "24131750"]
[BlackFideId "1917617"]
[WhiteElo "2370"]
[BlackElo "2348"]
[Result "1/2-1/2"]
[Round "09"]
[TimeControl "180+2"]
[Date "2023.03.28"]
[WhiteClock "0:00:02"]
[BlackClock "0:00:15"]

1. e4 e5 2. Nf3 Nc6 3. Bc4 Nf6 4. d3 Bc5 5. c3 O-O 6. Bg5 h6 7. Bh4 Be7 8. Nbd2 d6 9. a4 Nh5 10. Bg3 Nxg3 11. hxg3 Be6 12. O-O Qd7 13. Re1 Rad8 14. Bxe6 Qxe6 15. d4 exd4 16. cxd4 d5 17. e5 Bb4 18. Re2 Qg4 19. Nf1 Ba5 20. Ne3 Qe6 21. Rc1 Bb6 22. Rec2 Nb4 23. Rc3 Na2 24. Rxc7 Bxc7 25. Rxc7 Qb6 26. Re7 Qxb2 27. Nf5 Nc3 28. Qd3 Rb8 29. Rc7 Qb1+ 30. Qxb1 Nxb1 31. Ne7+ Kh7 32. Nxd5 b5 33. axb5 Rxb5 34. Ne3 a5 35. Ra7 Nc3 36. Nc4 a4 37. Nd6 Rb1+ 38. Kh2 Kg8 39. Nh4 Rb3 40. Nhf5 a3 41. e6 fxe6 42. Nxg7 a2 43. Nxe6 Rf6 44. Ra8+ Kh7 45. Ra7+ Kh8 46. Ra8+ Kh7 47. Ra7+ Kg8 48. Ra8+ Kh7 1/2-1/2


[Site "https://www.chess.com"]

[Event "Titled Tuesday Blitz March 28 Early 2023"]
[White "Ljukin, Sergei"]
[Black "Rendle, Thomas E"]
[WhiteFideId "14102200"]
[BlackFideId "408760"]
[WhiteElo "2312"]
[BlackElo "2428"]
[Result "1-0"]
[Round "09"]
[TimeControl "180+2"]
[Date "2023.03.28"]
[WhiteClock "0:00:04"]
[BlackClock "0:00:21"]

1. e4 e6 2. d4 d5 3. Nc3 Be7 4. Nf3 Nf6 5. e5 Nfd7 6. Ne2 c5 7. c3 Nc6 8. Ng3 a5 9. Bd3 a4 10. O-O h5 11. Ne2 g5 12. Ne1 cxd4 13. cxd4 Qb6 14. Nc2 Nf8 15. f4 gxf4 16. Bxf4 Bd7 17. Rb1 h4 18. h3 Rg8 19. b4 Ng6 20. Bh2 Ncxe5 21. Bxg6 Nxg6 22. Ne3 Rc8 23. a3 Bb5 24. Rf2 Bg5 25. Nf4 Qc6 26. Rc2 Nxf4 27. Rxc6 Rxc6 28. Bxf4 Bxf4 29. Ng4 Ke7 30. Qf3 Rc1+ 31. Rxc1 Bxc1 32. Qf6+ Ke8 33. Ne5 Be3+ 34. Kh1 Rf8 35. Qxh4 f6 36. Ng6 Rf7 37. Qh8+ Kd7 38. Qb8 e5 39. Qxb7+ Ke6 40. Qxb5 Bxd4 41. Qc6+ Kf5 42. Qxd5 Kxg6 43. Qe4+ f5 44. Qd5 Rc7 45. Qd6+ Kg5 46. Qxc7 Kf4 47. Qc6 e4 48. Qc1+ Be3 49. Qf1+ Ke5 50. h4 Bh6 51. Qb5+ Kf4 52. Qf1+ Kg4 53. Kh2 Bf4+ 54. Kg1 Be3+ 55. Kh2 Bf4+ 56. Kh1 Bg3 57. Qe2+ Kxh4 58. b5 Kg5 59. b6 Kf6 60. b7 Ke6 61. Qb5 e3 62. b8=Q Bxb8 63. Qxb8 Kd5 64. Qb5+ Ke4 65. Qe2 f4 66. Kh2 Kd4 67. Kh3 Ke5 68. Kg4 Ke4 69. Kg5 Ke5 70. Kg4 Ke4 71. Qf3+ Kd3 72. Qxf4 e2 73. Qd6+ Ke3 74. Qe5+ Kf2 75. Qf4+ Kxg2 76. Qf3+ Kg1 77. Qxe2 Kh1 78. Kg3 Kg1 79. Qe1# 1-0


[Site "https://www.chess.com"]

[Event "Titled Tuesday Blitz March 28 Early 2023"]
[White "Pein, Jonathan"]
[Black "Zubritskiy, Artyom"]
[WhiteFideId "417092"]
[BlackFideId "4181247"]
[WhiteElo "2151"]
[BlackElo "2419"]
[Result "0-1"]
[Round "09"]
[TimeControl "180+2"]
[Date "2023.03.28"]
[WhiteClock "0:00:27"]
[BlackClock "0:00:30"]

1. e4 c5 2. Nf3 Nf6 3. d3 Nc6 4. g3 d5 5. exd5 Nxd5 6. Bg2 g6 7. O-O Bg7 8. c3 O-O 9. Nbd2 b6 10. Re1 Bb7 11. Nc4 Qc7 12. Qc2 Rad8 13. a4 a6 14. Ne3 Nf6 15. Nc4 Nd5 16. Ne3 Nxe3 17. Bxe3 e5 18. Bd2 h6 19. h4 Kh7 20. Rac1 Qd7 21. Qb3 Qc7 22. Qc2 Qd6 23. h5 Qxd3 24. Qb3 Na5 25. Qxb6 Bxf3 26. hxg6+ fxg6 27. Be3 Nc4 28. Qxc5 Bxg2 29. Kxg2 Nxb2 30. Rh1 Qe4+ 31. Kg1 Nd3 32. Qc7 Nxc1 33. Rxh6+ Kg8 34. Rh4 Rd1+ 35. Kh2 Rh1# 0-1


[Site "https://www.chess.com"]

[Event "Titled Tuesday Blitz March 28 Early 2023"]
[White "Salman, Pavel"]
[Black "Tregubov, Pavel V."]
[WhiteFideId "24153753"]
[BlackFideId "4115341"]
[WhiteElo "2187"]
[BlackElo "2425"]
[Result "0-1"]
[Round "09"]
[TimeControl "180+2"]
[Date "2023.03.28"]
[WhiteClock "0:00:02"]
[BlackClock "0:00:11"]

1. d4 Nf6 2. Nc3 d5 3. Bf4 c5 4. e4 dxe4 5. dxc5 Qxd1+ 6. Rxd1 a6 7. Nge2 Nc6 8. Ng3 e5 9. Bg5 Bxc5 10. Bxf6 gxf6 11. Ngxe4 Be7 12. Nd6+ Bxd6 13. Rxd6 Ke7 14. Rd2 Be6 15. Be2 Rhd8 16. Bf3 Nd4 17. Bxb7 Rab8 18. Bxa6 Rxb2 19. Bd3 Rc8 20. Ne2 Nxc2+ 21. Bxc2 Rcxc2 22. Rxc2 Rxc2 23. Ng3 Bc4 24. h4 Rxa2 25. h5 Ke6 26. Rh4 Bd5 27. Rb4 Ra6 28. Kf1 f5 29. Kg1 f4 30. Ne2 Kf5 31. Nc3 Bc6 32. Rc4 Kg5 33. Rc5 f6 34. f3 Kxh5 35. Kh2 Kg6 36. Nd1 Bd7 37. Nc3 Rc6 38. Rxc6 Bxc6 39. Kh3 Kg5 40. Ne2 h5 41. Nc3 h4 42. Ne2 f5 43. Kh2 e4 44. Nd4 Bd5 45. Kg1 Kf6 46. fxe4 fxe4 47. Ne2 Kg5 48. Kf2 Kg4 49. Nd4 e3+ 50. Kg1 Be4 51. Kf1 Kg3 52. Ne2+ Kg4 53. Nd4 f3 54. gxf3+ Bxf3 55. Kg1 e2 56. Nc2 h3 57. Kh2 Bg2 58. Ne1 Kf4 59. Kg1 Ke3 60. Kh2 Kd2 0-1


[Site "https://www.chess.com"]

[Event "Titled Tuesday Blitz March 28 Early 2023"]
[White "Cuenca Jimenez, Jose Fernando"]
[Black "Manukian, Artak"]
[WhiteFideId "2255570"]
[BlackFideId "13301373"]
[WhiteElo "2429"]
[BlackElo "2130"]
[Result "1-0"]
[Round "09"]
[TimeControl "180+2"]
[Date "2023.03.28"]
[WhiteClock "0:00:07"]
[BlackClock "0:00:17"]

1. c4 Nf6 2. Nc3 g6 3. e4 d6 4. d4 Bg7 5. h3 O-O 6. Be3 e5 7. d5 a5 8. g4 Na6 9. Nge2 Nc5 10. Ng3 c6 11. Qd2 cxd5 12. cxd5 a4 13. f3 Qa5 14. Nb5 Rd8 15. Rc1 Ne8 16. Be2 Bf8 17. h4 Qxd2+ 18. Kxd2 b6 19. h5 Ba6 20. Na3 Nc7 21. Bxa6 N7xa6 22. Nb5 Rdc8 23. Ne2 Nb4 24. Nec3 Nbd3 25. Rb1 Nf4 26. Na3 g5 27. Ncb5 Ra5 28. Rhc1 Be7 29. Rc3 Kf8 30. b4 axb3 31. axb3 Raa8 32. b4 Nd7 33. Rc6 Ke8 34. Rbc1 Kd8 35. Rxc8+ Rxc8 36. Rxc8+ Kxc8 37. Na7+ Kb7 38. Nc6 Bf6 39. Nb5 h6 40. Nxd6+ Kc7 41. Ne8+ Kb7 42. Nxf6 Nxf6 43. Nxe5 b5 44. Nxf7 Ng8 45. Bxf4 gxf4 46. g5 hxg5 47. h6 g4 48. fxg4 Nf6 49. Ng5 f3 50. h7 f2 51. Ke2 1-0


[Site "https://www.chess.com"]